 Dungeon Crawl Stone Soup version 0.31-a0-263-ge8cad7f256 (webtiles) character file.

Game seed: 9479332565331445147

247 Newt the Trooper (level 5, -1/42 HPs)
             Began as a Demonspawn Gladiator on July 14, 2023.
             Slain by a scorpion (5 damage)
             ... on level 4 of the Dungeon.
             The game lasted 00:03:26 (2905 turns).

Newt the Trooper (Demonspawn Gladiator)             Turns: 2905, Time: 00:03:27

Health: -1/42      AC:  9    Str: 22    XL:     5   Next: 85%
Magic:  5/5        EV: 17    Int:  9    God:
Gold:   158        SH:  0    Dex: 15    Spells: 4/4 levels left

rFire   . . .        a - +0 rapier
rCold   . . .        (no shield)
rNeg    . . .        n - +1 scale mail
rPois   .            (helmet restricted)
rElec   .            (no cloak)
rCorr   .            h - +0 pair of gloves
SInv    .            (no boots)
Will    .....        (no amulet)
Stlth   +            i - +6 ring of strength
HPRegen 0.27/turn    p - +5 ring of evasion
MPRegen 0.09/turn

%: no passive effects
@: lethally poisoned (-1 -> -4), hasted, very quick
A: antennae 1, sturdy frame 2
a: no special abilities


You were on level 4 of the Dungeon.
You visited 1 branch of the dungeon, and saw 4 of its levels.

You collected 158 gold pieces.

Inventory:

Hand Weapons
 a - a +0 rapier (weapon)
Missiles
 v - a boomerang
Armour
 b - a +0 leather armour
 c - a +0 helmet
 h - a +0 pair of gloves (worn)
 n - a +1 scale mail (worn)
Jewellery
 i - a +6 ring of strength (left hand)
 p - a +5 ring of evasion (right hand)
 r - a ring of resist corrosion
Scrolls
 k - 2 scrolls of fog
 q - a scroll of enchant armour
 u - a scroll of teleportation
Potions
 g - a potion of brilliance {unknown}
 j - a potion of mutation
 l - a potion of heal wounds
 m - a potion of resistance {unknown}
 o - a potion of might {unknown}
 t - a potion of cancellation {unknown}


   Skills:
 - Level 4.0 Fighting
 + Level 2.9 Short Blades
 - Level 1.7 Throwing
 - Level 4.0 Armour
 - Level 2.6 Dodging


You had 4 spell levels left.
You didn't know any spells.
Your spell library contained the following spells:

 Spells                   Type           Power      Damage    Failure   Level
 Shock                    Conj/Air       0%         1d3       50%         1
 Blink                    Tloc           0%         N/A       63%         2
 Swiftness                Air            0%         N/A       86%         3
 Airstrike                Air            0%         2d(0-16)  99%         4
 Manifold Assault         Tloc           0%         N/A       99%         4
 Chain Lightning          Conj/Air       0%         N/A       100%        9
 Fire Storm               Conj/Fire      0%         5d1       100%        9
 Shatter                  Erth           0%         3d5*      100%        9


Dungeon Overview and Level Annotations

Branches:
Dungeon (4/15)
 Temple: D:4-7

Altars:
Vehumet

Annotations:
D:3 3 runed translucent doors, liarliar's ghost, amateur DrSh


Innate Abilities, Weirdness & Mutations

You have a pair of small antennae on your head.
Your movements are less encumbered by armour. (ER -4)


Message History

Press: ? - help, Q - select action, (/) - cycle Shift-Dir - straight line, f/p - ogre
Aim: an ogre, wielding a +0 giant spiked club (severely wounded, 75% to hit)
You throw a throwing net. The throwing net hits the ogre.
The ogre is caught in the net!
The ogre is severely wounded.
The ogre struggles against the net.
You hit the ogre but do no damage.
The ogre is severely wounded.
The ogre struggles against the net.
The scorpion closely misses you.
You puncture the ogre!
You kill the ogre!
The scorpion stings you.
You are poisoned.
The scorpion poisons you!
Training target 4.0 for Armour reached!
Your Armour skill increases to level 4!
You need to enable at least one skill for training.
Unknown command.
You barely miss the scorpion.
You feel very sick.
The scorpion stings you but does no damage.
You hit the scorpion.
The scorpion is lightly wounded.
You feel sick. The scorpion misses you.
You barely miss the scorpion.
The scorpion is lightly wounded.
You feel sick. The scorpion completely misses you. x2
You hit the scorpion but do no damage.
The scorpion is lightly wounded.
You feel sick. The scorpion completely misses you.
You hit the scorpion.
You punch the scorpion, but do no damage.
The scorpion is lightly wounded.
You feel sick. The scorpion stings you.
* * * LOW HITPOINT WARNING * * *
The scorpion closely misses you.
You aren't carrying any items that you can evoke.
It was a potion of haste.
You feel yourself speed up.
You feel sick. The scorpion stings you.
You die...

#.. .( #..# #.. #..# ##...
..# ## #... .# #.. #... #
#....####..# # ##....##.s)#
##........@# ##..........# #
##...........#
#####............#
.................##
..................###
#.........##........########
#.#.....#####..............#
###.#...# #...#########..#


You could see a scorpion.

Vanquished Creatures
  An ogre (D:4)
  An orc priest (D:3)
  5 adders
  2 worms (D:2)
  A dart slug (D:2)
  3 orcs
  5 endoplasms
  4 giant cockroaches
  10 hobgoblins
  4 jackals (D:2)
  5 quokkas
  3 ball pythons
  5 bats
  4 frilled lizards
  3 goblins
  10 kobolds
  8 rats
74 creatures vanquished.

Notes
Turn   | Place    | Note
-------+----------+-------------------------------------------
     0 | D:1      | Newt the Demonspawn Gladiator began the quest for the Orb.
     0 | D:1      | Reached XP level 1. HP: 16/16 MP: 1/1
   188 | D:1      | Gained mutation: Your movements are slightly less
                  | encumbered by armour. (ER -2) [demonic ancestry]
   188 | D:1      | Reached XP level 2. HP: 19/23 MP: 2/2
   893 | D:2      | Reached XP level 3. HP: 22/30 MP: 3/3
  1190 | D:2      | Reached skill level 1 in Armour
  1206 | D:2      | Gained mutation: Your movements are less encumbered by
                  | armour. (ER -4) [demonic ancestry]
  1206 | D:2      | Reached XP level 4. HP: 35/37 MP: 4/4
  1613 | D:3      | Noticed liarliar's ghost (amateur DrSh)
  2082 | D:3      | Found a radiant altar of Vehumet.
  2172 | D:3      | Found a runed translucent gate.
  2173 | D:3      | Found a runed translucent gate.
  2174 | D:3      | Found a runed translucent gate.
  2327 | D:3      | Gained mutation: You have a pair of small antennae on your
                  | head. [demonic ancestry]
  2327 | D:3      | Reached XP level 5. HP: 42/42 MP: 5/5
  2887 | D:4      | Noticed an ogre
  2899 | D:4      | Killed an ogre
  2905 | D:4      | Slain by a scorpion

Illustrated notes

Levels and vault maps discovered:
D:1:      kennysheep_arrival_seaside, layout_loops_ring
D:2:      layout_rooms, minmay_pentomino_s4
D:3:      layout_basic, mainiacjoe_overflow_cross_hatched, gammafunk_ghost_icy
D:4:      layout_layer_cave, nicolae_overflow_hidden_temple

Skill      XL: |  1  2  3  4  5 |
---------------+----------------+-----
Fighting       | 3 4 |  4.0
Armour         | 1 2 4 |  4.0
Short Blades   | |  2.9
Throwing       | |  1.7
Dodging        | |  2.6

Action                     |  1- 3 |  4- 6 || total
---------------------------+-------+-------++-------
  Melee: Rapier            |   159 |   174 ||   333
         Punch             |       |     2 ||     2
  Throw: Throwing net      |       |     3 ||     3
         Javelin           |       |     1 ||     1
    Use: Scroll            |     6 |     2 ||     8
         Potion            |       |     1 ||     1
   Stab: Sleeping          |     4 |       ||     4
 Armour: Leather armour    |    31 |       ||    31
         Scale mail        |    27 |    33 ||    60
  Dodge: Dodged            |   161 |   164 ||   325

Table legend: (Time is in decaauts)
 A = Elapsed time spent in this place.
 B = Non-inter-level travel time spent in this place.
 C = Inter-level travel time spent in this place.
 D = Time resting spent in this place.
 E = Time spent auto-exploring this place.
 F = Levels seen in this place.
 G = Mean time per level.
                   A        B        C        D        E       F      G
               +--------+--------+--------+--------+--------+-----+--------+
         Total |   2928 |   2798 |    130 |    267 |   1903 |   4 |  732.0 |
       Dungeon |   2928 |   2798 |    130 |    267 |   1903 |   4 |  732.0 |
               +--------+--------+--------+--------+--------+-----+--------+

Top non-repeatable levels by time:
     D:3: 1214 daAuts
     D:1: 886 daAuts
     D:2: 651 daAuts
     D:4: 175 daAuts
